 Dungeon Crawl Stone Soup version 0.27-a0-1196-g3e9cee4cb2 (webtiles) character file.

Game seed: 18243655127838501996

89931 Kinoniko the Executioner (level 15, -2/147 HPs)
             Began as a Minotaur Berserker on May 27, 2021.
             Was a High Priest of Trog.
             Shot with an arrow by Nessos (3 damage)
             ... on level 13 of the Dungeon.
             The game lasted 00:31:23 (23893 turns).

Kinoniko the Executioner (Minotaur Berserker)      Turns: 23893, Time: 00:31:24

Health: -2/147     AC: 21    Str: 26    XL:     15   Next: 50%
Magic:  23/23      EV: 13    Int: 11    God:    Trog [*****.]
Gold:   918        SH:  0    Dex: 12    Spells: 14/14 levels left

rFire    . . .     SeeInvis .   M - +1 executioner's axe (flame)
rCold    + + .     Faith    .   (shield currently unavailable)
rNeg     + . .     Spirit   .   w - +4 scale mail of Tender Moments {rCorr Int+3 Slay+3}
rPois    .         Reflect  .   E - +0 hat
rElec    .         Harm     .   l - +2 cloak {rC+}
rCorr    +         Rampage  .   T - +1 pair of gloves
Will     +....                  m - +2 pair of boots
Stlth    ..........             (no amulet)
HPRegen  0.34/turn              s - +4 ring of slaying
MPRegen  0.18/turn              q - ring of Xom's Best Wishes {rC+ rN+ MP+9}

@: lethally poisoned (-2 -> -43), on berserk cooldown, slowed, very slow
A: horns 2, retaliatory headbutt, agile 1, clever 1
a: Renounce Religion, Berserk, Trog's Hand, Brothers in Arms


You were on level 13 of the Dungeon.
You worshipped Trog.
Trog was extremely pleased with you.
You visited 2 branches of the dungeon, and saw 20 of its levels.
You also visited: Gauntlet and Ice Cave.

You collected 1418 gold pieces.
You spent 500 gold pieces at shops.

Inventory:

Hand Weapons
 p - a +2 war axe
 M - a +1 executioner's axe of flaming (weapon)
 X - the +11 morningstar "Zije" {flame, Dex+2}
   (You found it on level 6 of the Lair of Beasts)

   It has been specially enchanted to burn those struck by it, causing extra
   injury to most foes and up to half again as much damage against particularly
   susceptible opponents.
   It affects your dexterity (+2).
Missiles
 B - 13 atropa-tipped darts
 I - 2 curare-tipped darts
 Q - 5 silver javelins
 Y - 4 javelins
Armour
 f - a scarf of harm
 l - a +2 cloak of cold resistance (worn)
 m - a +2 pair of boots (worn)
 o - a +1 buckler
 w - the +4 scale mail of Tender Moments (worn) {rCorr Int+3 Slay+3}
   (You found it on level 4 of the Dungeon)

   It affects your intelligence (+3).
   It affects your accuracy and damage with ranged weapons and melee attacks
   (+3).
   It protects you from acid and corrosion.
 E - a +0 hat (worn)
 T - a +1 pair of gloves (worn)
 U - the +3 leather armour of Trumpets {Harm}
   (You found it in a Gauntlet)

   It increases damage dealt and taken.
Jewellery
 a - a ring of ice
 b - a ring of protection from cold
 i - a +4 ring of slaying
 q - the ring of Xom's Best Wishes (right hand) {rC+ rN+ MP+9}
   (You found it in a Gauntlet)

   [ring of magical power]

   It protects you from cold.
   It protects you from negative energy.
   It affects your magic capacity (+9).
 s - a +4 ring of slaying (left hand)
 u - a +4 ring of evasion
 K - a ring of fire
 L - a ring of poison resistance
 N - a ring of positive energy
 P - a +4 ring of protection
 V - a ring of protection from cold
 W - a ring of positive energy
Wands
 x - a wand of iceblast (70)
 z - a wand of flame (79)
 J - a wand of acid (25)
 S - a wand of mindburst (14)
Scrolls
 c - 9 scrolls of identify
 d - a scroll of fog
 e - 2 scrolls of magic mapping
 j - 2 scrolls of vulnerability
 y - 2 scrolls of blinking
 C - 7 scrolls of teleportation
 F - a scroll of silence
 G - 3 scrolls of enchant armour
Potions
 g - 4 potions of flight
 h - 3 potions of haste
 k - 2 potions of mutation
 n - a potion of ambrosia
 r - 5 potions of curing
 t - a potion of might
 v - a potion of resistance
 A - 2 potions of cancellation
 O - 2 potions of invisibility
 R - 3 potions of lignification
 Z - a potion of berserk rage
Miscellaneous
 D - a condenser vane


   Skills:
 * Level 17.0 Fighting
 * Level 22.3 Axes
 + Level 6.4 Throwing
 - Level 7.8 Armour
 - Level 7.2 Dodging
 - Level 5.5 Shields


You had 14 spell levels left.
You didn't know any spells.
Your spell library contained the following spells:

 Spells                   Type           Power      Damage    Failure   Level
 Animate Skeleton         Necr           0%         N/A       58%         1
 Apportation              Tloc           0%         N/A       58%         1
 Corona                   Hex            0%         N/A       58%         1
 Freeze                   Ice            0%         1d3       58%         1
 Summon Small Mammal      Summ           0%         N/A       58%         1
 Call Imp                 Summ           0%         N/A       73%         2
 Poisonous Vapours        Pois/Air       0%         N/A       73%         2
 Sublimation of Blood     Necr           0%         N/A       73%         2
 Call Canine Familiar     Summ           0%         N/A       91%         3
 Confusing Touch          Hex            0%         N/A       91%         3
 Conjure Flame            Conj/Fire      0%         6-21      91%         3
 Frozen Ramparts          Ice            0%         1d2       91%         3
 Gell's Gravitas          Tloc           0%         N/A       91%         3
 Ignite Poison            Fire/Tmut/Pois 0%         N/A       91%         3
 Mephitic Cloud           Conj/Pois/Air  0%         N/A       91%         3
 Ozocubu's Armour         Ice            0%         N/A       91%         3
 Summon Guardian Golem    Hex/Summ       0%         N/A       91%         3
 Hailstorm                Conj/Ice       0%         3d3       100%        4
 Ice Form                 Ice/Tmut       0%         N/A       100%        4
 Petrify                  Tmut/Erth      0%         N/A       100%        4
 Summon Ice Beast         Ice/Summ       0%         N/A       100%        4
 Summon Lightning Spire   Summ/Air       0%         N/A       100%        4
 Alistair's Intoxication  Tmut/Pois      0%         N/A       100%        5
 Irradiate                Conj/Tmut      0%         3d13      100%        5
 Metabolic Englaciation   Hex/Ice        0%         N/A       100%        5
 Yara's Violent Unravell  Hex/Tmut       0%         3d3       100%        5
 Eringya's Noxious Bog    Tmut/Pois      0%         N/A       100%        6
 Freezing Cloud           Conj/Ice/Air   0%         6-21      100%        6
 Simulacrum               Ice/Necr       0%         N/A       100%        6
 Ozocubu's Refrigeration  Ice            0%         4d5       100%        7


Dungeon Overview and Level Annotations

Branches:
Dungeon (14/15)            Temple (0/1) D:7            Lair (6/6) D:11
 Shoals (0/4) Lair:4       Spider (0/4) Lair:3        Slime (0/5) Lair:6
    Orc (0/2) D:11          IceCv (visited)         Gauntlet (visited)
 Vaults: D:13-14

Altars:
Trog
Uskayaw
Wu Jian

Shops:
D:1 *![   D:3 (   D:6 *   D:10 **

Annotations:
D:8 5 runed translucent doors
D:10 1 runed translucent door, dricus's ghost, novice MiBe
D:13 Nessos


Innate Abilities, Weirdness & Mutations

You have a pair of horns on your head.
You reflexively headbutt those who attack you in melee.
You are agile. (Dex +2)
Your mind is acute. (Int +2)


Message History

Nessos seems to speed up.
You slice Nessos!! You burn Nessos! Your headbutt misses Nessos.
Nessos is almost dead.
You feel very sick.
Nessos blinks!
Nessos hits you but does no damage. Nessos completely misses you.
You feel very sick.
Nessos blinks!
You feel a strong urge to attack something.
You feel very sick.
Nessos wields a +1 longbow of flaming.
It bursts into flame!
Nessos shoots an arrow.
The arrow hits you!
* * * LOW HITPOINT WARNING * * *
The arrow burns you.
You are more poisoned.
* * * LOW HITPOINT WARNING * * *
You feel very sick.
Nessos blinks!
Nessos shoots an arrow.
The arrow barely misses you.
Unknown command.
You feel your anger nearly subside.
You are no longer berserk.
You are exhausted.
You feel yourself slow down.
You feel very sick.
Nessos shoots an arrow.
The arrow hits you!
* * * LOW HITPOINT WARNING * * *
The arrow burns you.
* * * LOW HITPOINT WARNING * * *
You feel much better.
You feel extremely sick.
Nessos shoots an arrow.
The arrow hits you!
* * * LOW HITPOINT WARNING * * *
The arrow burns you.
You are lethally poisoned!
* * * LOW HITPOINT WARNING * * *
Nessos shoots an arrow.
The arrow barely misses you.
Nessos shoots an arrow.
The arrow hits you!
* * * LOW HITPOINT WARNING * * *
The arrow burns you.
You are more poisoned.
You die...

########################
#..........##..........#
'..........##..........##
#..........##.....§.....##
#.......(...#............#
#....}....[.....@..........
#..........#..c......##...#
#..........##.§.....## .#.#
#..........########.# . #
###+######## #... # #..#.
#... # .###


You could see Nessos (fast).

Vanquished Creatures
  Gastronok (D:11)
  A minotaur (Gauntlet)
  A dire elephant (Gauntlet)
  Fannar (Lair:1)
  7 hydras
  4 boulder beetles
  2 centaur warriors (D:14)
  3 two-headed ogres
  Urug (Lair:2)
  6 death yaks
  Nergalle (Lair:1)
  2 spectral death yaks (Lair:6)
  A spectral anaconda (Lair:6)
  5 necromancers
  An obsidian statue (Lair:6)
  A lindwurm (Lair:6)
  A deep elf pyromancer (D:10)
  2 cyclopes
  A wolf spider (Lair:2)
  A dire elephant zombie (Lair:6)
  7 ugly things
  Joseph (D:10)
  12 cane toads
  A gargoyle (D:10)
  An ice statue (IceCv)
  5 black mambas
  35 elephants
  2 torpor snails (Lair:6)
  9 freezing wraiths (IceCv)
  3 kobold demonologists
  An unseen horror (D:10)
  13 komodo dragons
  5 trolls
  3 polar bears
  A wolf spider simulacrum (IceCv)
  12 slime creatures
  4 spectral elephants (Lair:6)
  17 blink frogs
  A raiju (Gauntlet)
  4 dream sheep (Lair:6)
  35 yaks
  A water elemental (D:14)
  A ynoxinul (Gauntlet)
  A wraith (D:11)
  3 centaur simulacra
  6 wyverns
  2 steam dragons (Gauntlet)
  7 basilisks
  7 vampire mosquitoes
  Menkaure (D:7)
  2 spectral cane toads (Lair:6)
  3 death yak simulacra
  4 acid dragons
  20 water moccasins
  4 orc warriors (D:11)
  A sky beast (D:7)
  6 ice beasts (IceCv)
  7 black bears
  2 elephant zombies (Lair:6)
  4 ogres
  A necrophage (D:4)
  19 wolves
  An elephant skeleton (Lair:6)
  7 centaurs
  2 phantoms
  2 kobold brigands
  10 bullfrogs
  2 gnoll sergeants (D:9)
  3 cane toad simulacra (Lair:6)
  2 wyvern zombies
  5 scorpions
  An elephant simulacrum (Lair:6)
  11 wights
  3 centaur zombies
  3 electric eels
  A draconian simulacrum (IceCv)
  3 hounds
  5 orc priests
  4 iron imps (Gauntlet)
  Natasha (thrice) (D:3)
  17 iguanas
  Terence (D:3)
  10 orc wizards
  3 troll simulacra (IceCv)
  A wolf simulacrum (IceCv)
  2 howler monkey zombies
  7 gnolls (D:9)
  A howler monkey skeleton (D:7)
  15 adders
  6 naga simulacra (IceCv)
  A shadow imp (D:7)
  9 white imps
  2 ufetubi
  An adder skeleton (D:4)
  3 worms
  3 dart slugs
  38 orcs
  5 bats
  6 endoplasms
  7 goblins
  5 hobgoblins
  4 jackals (D:1)
  6 kobolds
  2 quokkas
  6 ball pythons
  9 frilled lizards (Lair:3)
  2 quokka skeletons (D:4)
  3 rats
560 creatures vanquished.

Vanquished Creatures (collateral kills)
  2 death yaks (Lair:6)
  A freezing wraith (IceCv)
  2 yaks (Lair:6)
  3 troll simulacra (IceCv)
  2 naga simulacra (IceCv)
  3 ogre simulacra (IceCv)
  4 white imps (IceCv)
17 creatures vanquished.

Vanquished Creatures (others)
  A komodo dragon (Lair:3)
  A frilled lizard (Lair:3)
  74 fungi
  102 plants
  14 withered plants (Lair:6)
192 creatures vanquished.

Grand Total: 769 creatures vanquished

Notes
Turn   | Place    | Note
-------+----------+-------------------------------------------
     0 | D:1      | Kinoniko the Minotaur Berserker began the quest for the
                  | Orb.
     0 | D:1      | Reached XP level 1. HP: 19/19 MP: 0/0
    11 | D:1      | Reached skill level 4 in Axes
    62 | D:1      | Found Reffetea's Antique Armour Emporium.
    89 | D:1      | Reached XP level 2. HP: 25/26 MP: 1/1
   158 | D:1      | Found a faded altar of an unknown god.
   351 | D:1      | Found Honunow's Distillery.
   425 | D:1      | Found Plog's Assorted Antiques.
   981 | D:3      | Reached skill level 5 in Axes
   991 | D:3      | Noticed Terence
   998 | D:3      | Killed Terence
   999 | D:3      | Reached XP level 3. HP: 31/31 MP: 2/2
  1105 | D:3      | Noticed an ogre
  1110 | D:3      | Killed an ogre
  1111 | D:3      | Reached skill level 6 in Axes
  1111 | D:3      | Reached XP level 4. HP: 29/39 MP: 3/3
  1111 | D:3      | Reached XP level 5. HP: 34/45 MP: 4/4
  1113 | D:3      | Reached skill level 7 in Axes
  1114 | D:3      | Reached ** piety under Trog
  1283 | D:3      | Found Utackegem's Antique Weapon Shoppe.
  1439 | D:3      | Noticed Natasha
  1450 | D:3      | Killed Natasha
  1451 | D:3      | Reached skill level 8 in Axes
  1452 | D:3      | Reached XP level 6. HP: 51/51 MP: 5/5
  1771 | D:3      | Noticed Natasha
  1774 | D:3      | Killed Natasha
  1888 | D:3      | Noticed Natasha
  1892 | D:3      | Killed Natasha
  1893 | D:3      | Reached skill level 1 in Shields
  2367 | D:4      | Reached skill level 9 in Axes
  2385 | D:4      | Reached XP level 7. HP: 54/57 MP: 6/6
  2431 | D:4      | Identified the +4 scale mail of Tender Moments {rCorr Int+3
                  | Slay+3}
  2462 | D:4      | Reached *** piety under Trog
  2741 | D:4      | Found a bloodstained altar of Trog.
  2852 | D:5      | Entered Level 5 of the Dungeon
  3091 | D:5      | Reached skill level 10 in Axes
  3348 | D:5      | Reached XP level 8. HP: 64/64 MP: 7/7
  3366 | D:5      | Reached skill level 5 in Shields
  3398 | D:5      | Reached skill level 11 in Axes
  4283 | D:6      | Found Abigisueru's Assorted Antiques.
  4849 | D:7      | Reached **** piety under Trog
  4969 | D:7      | Noticed Menkaure
  4976 | D:7      | Killed Menkaure
  4977 | D:7      | Reached skill level 12 in Axes
  5241 | D:7      | Reached skill level 5 in Fighting
  5283 | D:7      | Found a staircase to the Ecumenical Temple.
  5453 | D:7      | Reached XP level 9. HP: 74/74 MP: 8/8
  6117 | D:8      | Reached skill level 13 in Axes
  6642 | D:8      | Found the +9 staff of Olgreb {rPois∞}
  6645 | D:8      | Found a runed translucent door.
  6650 | D:8      | Found a runed translucent gate.
  6650 | D:8      | Found a runed translucent gate.
  6651 | D:8      | Found a runed translucent door.
  6667 | D:8      | Found a runed translucent gate.
  7492 | D:9      | Noticed a boulder beetle
  7516 | D:9      | Killed a boulder beetle
  7517 | D:9      | Reached skill level 14 in Axes
  7517 | D:9      | Reached XP level 10. HP: 33/88 MP: 9/9
  8118 | D:10     | Entered Level 10 of the Dungeon
  8172 | D:10     | Noticed a rust devil
  8172 | D:10     | Noticed a gargoyle
  8175 | D:10     | Noticed a sixfirhy
  8182 | D:10     | Killed a gargoyle
  8282 | D:10     | Noticed a deep elf pyromancer
  8287 | D:10     | Noticed a two-headed ogre
  8289 | D:10     | Killed a deep elf pyromancer
  8290 | D:10     | Reached skill level 15 in Axes
  8290 | D:10     | Noticed Joseph
  8295 | D:10     | Killed a two-headed ogre
  8306 | D:10     | Killed Joseph
  8778 | D:1      | Bought a potion of experience for 500 gold pieces
  8778 | D:1      | Reached skill level 17 in Axes
  8778 | D:1      | Reached XP level 11. HP: 102/102 MP: 10/10
  8780 | D:1      | Gained mutation: Your mind is acute. (Int +2) [potion of
                  | mutation]
  8780 | D:1      | Gained mutation: You are agile. (Dex +2) [potion of
                  | mutation]
  9296 | D:10     | Noticed a two-headed ogre
  9301 | D:10     | Killed a two-headed ogre
  9386 | D:10     | Found Neoni's General Store.
  9412 | D:10     | Found a runed translucent door.
  9417 | D:10     | Noticed dricus's ghost (novice MiBe)
  9452 | D:10     | Found Vorhemm's Demolitions Depot.
 10306 | D:11     | Found a staircase to the Lair.
 10316 | D:11     | Noticed a purple ugly thing
 10317 | D:11     | Reached skill level 18 in Axes
 10323 | D:11     | Killed a purple ugly thing
 10323 | D:11     | Reached ***** piety under Trog
 10324 | D:11     | Reached XP level 12. HP: 103/111 MP: 11/11
 10403 | D:11     | Noticed a boulder beetle
 10414 | D:11     | Killed a boulder beetle
 11073 | D:11     | Found a staircase to the Orcish Mines.
 11172 | D:11     | Noticed Gastronok
 11178 | D:11     | Killed Gastronok
 11520 | D:12     | Noticed a boulder beetle
 11526 | D:12     | Killed a boulder beetle
 11751 | D:12     | Reached skill level 19 in Axes
 12036 | D:12     | You fall into a shaft and drop 2 floors!
 12041 | D:14     | Noticed a centaur warrior
 12049 | D:14     | Killed a centaur warrior
 12271 | D:14     | Noticed a centaur warrior
 12277 | D:14     | Killed a centaur warrior
 12546 | D:14     | Noticed a five-headed hydra
 12552 | D:14     | Killed a seven-headed hydra
 12553 | D:14     | Reached skill level 5 in Armour
 12918 | D:12     | Reached XP level 13. HP: 119/122 MP: 12/12
 13031 | D:12     | Reached skill level 5 in Dodging
 13156 | D:12     | Identified a scroll of acquirement
 13157 | D:12     | Acquired a +1 executioner's axe of flaming
 13208 | Lair:1   | Entered Level 1 of the Lair of Beasts
 13222 | Lair:1   | Noticed Nergalle
 13229 | Lair:1   | Killed Nergalle
 13441 | Lair:1   | Found a gate leading to a gauntlet.
 13452 | Gauntlet | Entered a Gauntlet
 13452 | Gauntlet | Found a transporter.
 13462 | Gauntlet | Found a transporter.
 13477 | Gauntlet | Found a transporter.
 13482 | Gauntlet | Found a transporter.
 13497 | Gauntlet | Found a transporter.
 13513 | Gauntlet | Found a transporter.
 13527 | Gauntlet | Noticed a dire elephant
 13528 | Gauntlet | Found a transporter.
 13540 | Gauntlet | Found a transporter.
 13552 | Gauntlet | Found a transporter.
 13558 | Gauntlet | Found a transporter.
 13558 | Gauntlet | Found a transporter.
 13573 | Gauntlet | Found a transporter.
 13590 | Gauntlet | Found a transporter.
 13610 | Gauntlet | Found a transporter.
 13612 | Gauntlet | Found a runed translucent gate.
 13612 | Gauntlet | Found a runed translucent gate.
 13612 | Gauntlet | Found a runed translucent gate.
 13615 | Gauntlet | Found a large runed translucent door.
 13615 | Gauntlet | Found a large runed translucent door.
 13615 | Gauntlet | Found a large runed translucent door.
 13615 | Gauntlet | Found a large runed translucent door.
 13618 | Gauntlet | Found a large runed translucent door.
 13618 | Gauntlet | Found a large runed translucent door.
 13619 | Gauntlet | Found a large runed translucent door.
 13619 | Gauntlet | Found a large runed translucent door.
 13622 | Gauntlet | Found a large runed translucent door.
 13622 | Gauntlet | Found a large runed translucent door.
 13622 | Gauntlet | Found a runed translucent door.
 13622 | Gauntlet | Found a runed translucent door.
 13623 | Gauntlet | Found a large runed translucent door.
 13624 | Gauntlet | Found a large runed translucent door.
 13633 | Gauntlet | Found a large runed translucent door.
 13633 | Gauntlet | Found a large runed translucent door.
 13634 | Gauntlet | Found a large runed translucent door.
 13635 | Gauntlet | Found a large runed translucent door.
 13635 | Gauntlet | Found a transporter.
 13637 | Gauntlet | Found a transporter.
 13657 | Gauntlet | Found a transporter.
 13735 | Gauntlet | Found a transporter.
 14080 | Gauntlet | Received a gift from Trog
 14129 | Gauntlet | Killed a dire elephant
 14151 | Gauntlet | Identified the ring of Xom's Best Wishes {rC+ rN+ MP+9}
 14180 | Gauntlet | Noticed a minotaur
 14184 | Gauntlet | Killed a minotaur
 14191 | Gauntlet | Identified the +3 leather armour of Trumpets {Harm}
 14546 | Lair:1   | Noticed Fannar
 14556 | Lair:1   | Killed Fannar
 14739 | Lair:1   | Reached skill level 20 in Axes
 15542 | Lair:2   | Noticed Urug
 15543 | Lair:2   | Found a frozen archway.
 15552 | Lair:2   | Killed Urug
 15612 | IceCv    | Entered an ice cave
 16202 | IceCv    | Found an ancient bone altar of Kikubaaqudgha.
 17972 | Lair:3   | Reached skill level 1 in Throwing
 17976 | Lair:3   | Reached XP level 14. HP: 48/132 MP: 13/13
 18640 | Lair:3   | Found a hole to the Spider Nest.
 19000 | Lair:3   | Reached skill level 21 in Axes
 19601 | Lair:4   | Reached skill level 15 in Fighting
 20055 | Lair:4   | Found an ornate altar of the Wu Jian Council.
 20057 | Lair:4   | Found a hide-covered altar of Uskayaw.
 20135 | Lair:4   | Found a staircase to the Shoals.
 20484 | Lair:5   | Received a gift from Trog
 21556 | Lair:6   | Entered Level 6 of the Lair of Beasts
 21795 | Lair:6   | Reached skill level 5 in Throwing
 22062 | Lair:6   | Reached XP level 15. HP: 144/144 MP: 14/14
 22304 | Lair:6   | Found a staircase to the Slime Pits.
 22740 | Lair:6   | Reached skill level 22 in Axes
 22913 | Lair:6   | Received a gift from Trog
 23023 | Lair:6   | Identified the +11 morningstar "Zije" {flame, Dex+2}
 23881 | D:13     | Noticed Nessos
 23893 | D:13     | HP: 1/147 [Nessos/arrow (17)]
 23893 | D:13     | Shot with an arrow by Nessos

Illustrated notes

Levels and vault maps discovered:
D:1:      amcnicky_arrival_double_pillar, layout_rooms, serial_shops,
          nicolae_shop_statue_plus, shop, shop,
          shapermc_ecumenical_altar_mp_highgroup
D:2:      layout_rooms
D:3:      layout_basic, serial_shops, nicolae_shop_trees, grunt_ministairs_9,
          minmay_misc_feat_tiny, minmay_mini_jars, uniq_terence, uniq_natasha
D:4:      layout_basic, nicolae_overflow_crystal_walls
D:5:      layout_basic, serial_park_tiny_pond, minmay_crystal_room,
          dk_vineyard_3, chequers_decorated_corner, moated_statue
D:6:      layout_cave_pods, serial_shops, kennysheep_mini_moat
D:7:      layout_gridville, minmay_temple_entry_junction, uniq_menkaure
D:8:      nicolae_whirlpool, layout_loops_corners, corner_web_ring,
          roderic_roman_lattice, minmay_guarded_unrand_staff_of_olgreb
D:9:      layout_cave_pools, minmay_misc_feat_chi
D:10:     layout_loops_ring, serial_shops, shop, ebering_ghost_reflecting_pool,
          fungi_pond_lemuel, nicolae_blasting_shop, uniq_joseph
D:11:     layout_basic, due_lair_maze_entry_diamond, david_orc_4, uniq_gastronok
D:12:     layout_roguey
D:13:     layout_roguey, special_room [special_room_orc], grunt_ogre_cave,
          minmay_starry_boxes, uniq_nessos
D:14:     layout_basic, grunt_vaults_entry_tiered, elves_outpost_lemuel
Lair:1:   layout_cave_pods, gauntlet_entry_generic,
          nicolae_quartered_pool_super, infiniplex_staircase_pool,
          grunt_megastairs_3, uniq_fannar, uniq_nergalle
Lair:2:   minmay_lair_venomous_thicket, layout_misc_corridors,
          portal_ice_cave_entry_pillars_2, uniq_urug
Lair:3:   lemuel_reptile_caves, layout_regular_city, dummy_spider_entry,
          lemuel_old_faithful, lemuel_fruit_tree
Lair:4:   layout_regular_city, shoals_dummy_entry, columned_hall_lemuel,
          nzn_masters_of_martial_movement
Lair:5:   layout_cave_pods
Lair:6:   due_jungle_book, layout_big_grid, minmay_slime_entry_pillars

Skill      XL: |  1  2  3  4  5  6  7  8  9 10 11 12 13 14 15 |
---------------+----------------------------------------------+-----
Axes           | 4 5 6 8 9 10 12 14 17 18 19 20 21 22 | 22.3
Shields        | 2 4 5 |  5.5
Fighting       | 5 7 11 13 14 16 17 | 17.0
Armour         | 5 7 |  7.8
Dodging        | 4 7 |  7.2
Throwing       | 1 5 6 |  6.4

Action                   |  1- 3 |  4- 6 |  7- 9 | 10-12 | 13-15 || total
-------------------------+-------+-------+-------+-------+-------++-------
Melee: Hand axe          |    31 |    35 |       |       |       ||    66
       Headbutt          |     3 |    10 |    30 |    46 |   127 ||   216
       War axe           |       |    62 |   137 |       |       ||   199
       Battleaxe         |       |       |    24 |   184 |    11 ||   219
       Executioner's axe |       |       |       |       |   568 ||   568
Invok: Berserk           |     3 |     4 |     5 |    12 |    27 ||    51
       Brothers in Arms  |       |       |       |       |     4 ||     4
  Use: Scroll            |       |       |    20 |     7 |     6 ||    33
       Potion            |       |       |       |    11 |     4 ||    15
 Stab: Distracted        |       |       |       |       |     1 ||     1
Armor: Animal skin       |     3 |       |       |       |       ||     3
       Robe              |     8 |       |       |       |       ||     8
       Scale mail        |       |    10 |    47 |    69 |   284 ||   410
       Ring mail         |       |    24 |     4 |       |       ||    28
Dodge: Dodged            |    21 |    49 |   100 |    74 |   352 ||   596
Block: Buckler           |       |     9 |    34 |       |       ||    43

Table legend: (Time is in decaauts)
 A = Elapsed time spent in this place.
 B = Non-inter-level travel time spent in this place.
 C = Inter-level travel time spent in this place.
 D = Time resting spent in this place.
 E = Time spent auto-exploring this place.
 F = Levels seen in this place.
 G = Mean time per level.
                   A        B        C        D        E       F      G
               +--------+--------+--------+--------+--------+-----+--------+
         Total |  24384 |  23379 |   1005 |   6622 |  13710 |  22 | 1108.4 |
       Dungeon |  13708 |  13047 |    661 |   3792 |   7792 |  14 |  979.1 |
          Lair |   8352 |   8008 |    344 |   1872 |   5248 |   6 | 1392.0 |
      Ice Cave |   1457 |   1457 |      0 |    676 |    364 |   1 | 1457.0 |
      Gauntlet |    866 |    866 |      0 |    282 |    305 |   1 |  866.0 |
               +--------+--------+--------+--------+--------+-----+--------+

Top non-repeatable levels by time:
  Lair:6: 2052 daAuts
     D:7: 1571 daAuts
  Lair:1: 1525 daAuts
  Lair:3: 1484 daAuts
    D:11: 1481 daAuts
    D:10: 1480 daAuts
   IceCv: 1457 daAuts
     D:8: 1321 daAuts
  Lair:4: 1129 daAuts
  Lair:5: 1083 daAuts
  Lair:2: 1076 daAuts
     D:3: 1046 daAuts
    D:12: 1017 daAuts
     D:5: 966 daAuts
     D:4: 919 daAuts
